 Dungeon Crawl Stone Soup version 0.27-a0-765-ge4d627daa3 (webtiles) character file.

Game seed: 3958004149555735769

1868 rageheart7 the Fighter (level 9, -7/81 HPs)
             Began as a Barachi Monk on Mar 25, 2021.
             Mangled by Harold
             ... wielding a +0 short sword of venom
              (22 damage)
             ... on level 7 of the Dungeon.
             The game lasted 00:08:49 (8953 turns).

rageheart7 the Fighter (Barachi Monk)               Turns: 8953, Time: 00:08:50

Health: -7/81      AC:  5    Str: 16    XL:     9   Next: 13%
Magic:  9/9        EV: 13    Int: 13    God:
Gold:   245        SH:  0    Dex: 14    Spells: 8/8 levels left

rFire    + . .     SeeInvis .   f - +2 short sword (elec)
rCold    + . .     Faith    .   (no shield)
rNeg     + . .     Spirit   .   b - +2 robe {rC+}
rPois    .         Reflect  .   p - +0 helmet
rElec    .         Harm     .   (no cloak)
rCorr    .         Rampage  .   (no gloves)
Will     .....                  (no boots)
Stlth    ++........             (no amulet)
HPRegen  0.23/turn              h - ring of protection from fire
MPRegen  0.11/turn              j - ring of positive energy

@: marked, slow
A: +LOS, amphibious, slowness 1, strong legs 1, hooves 1, clever 1
a: Hop


You were on level 7 of the Dungeon.
You visited 1 branch of the dungeon, and saw 7 of its levels.
You also visited: Sewer.

You collected 245 gold pieces.

Inventory:

Hand Weapons
 a - a +0 falchion
 f - a +2 short sword of electrocution (weapon)
Armour
 b - a +2 robe of cold resistance (worn)
 p - a +0 helmet (worn)
 s - a +0 tower shield
Jewellery
 g - a ring of fire
 h - a ring of protection from fire (right hand)
 j - a ring of positive energy (left hand)
Wands
 n - a wand of flame (14)
Scrolls
 d - a scroll of immolation
 i - 2 scrolls of blinking
 k - 7 scrolls of teleportation
 q - 2 scrolls of fear
Potions
 c - 3 potions of attraction
 e - a potion of brilliance
 l - 2 potions of lignification
 o - a potion of flight
 t - a potion of heal wounds


   Skills:
 * Level 11.0 Fighting
 * Level 9.7 Long Blades
 - Level 3.2 Dodging
 - Level 1.7 Stealth


You had 8 spell levels left.
You didn't know any spells.
Your spell library contained the following spells:

 Spells                   Type           Power      Damage    Failure   Level
 Animate Skeleton         Necr           0%         N/A       30%         1
 Pain                     Necr           0%         1d4       30%         1
 Vampiric Draining        Necr           0%         2d6       67%         3
 Animate Dead             Necr           0%         N/A       97%         4
 Agony                    Necr           0%         N/A       100%        5


Dungeon Overview and Level Annotations

Branches:
Dungeon (7/15)              Sewer (visited)
 Temple: D:4-7

Altars:
Elyvilon
Kikubaaqudgha
Okawaru
Qazlal
Sif Muna
Trog
Vehumet
Yredelemnul
The Shining One

Shops:
D:5 =   D:6 [

Annotations:
D:4 3 runed translucent doors, Ajencis's ghost, amateur BaIE
D:7 Harold


Innate Abilities, Weirdness & Mutations

You can be seen from farther away. (+LOS)
You are amphibious.
You cover ground slowly.
You can hop short distances.
You have large cloven feet.
Your mind is acute. (Int +2)


Message History

d - a scroll of immolation You see here a +0 robe.
There is a stone staircase leading down here.
You climb downwards.
Harold the Weathered comes into view.
He is wielding a +0 short sword of venom.
Harold shouts!
Found 2 scrolls of identify and 13 gold pieces.
There is a stone staircase leading up here.
Okay, then.
Harold throws a throwing net.
The throwing net hits you.
You become entangled in the net!
You struggle against the net.
You struggle against the net.
You struggle against the net.
Harold says, "Try to look on the bright side.
Your death will help put my children through school."
Harold hits you with a +0 short sword of venom!!
You are poisoned.
You rip the net and break free!
You feel extremely sick.
Harold points at you and mumbles some strange words.
A sentinel's mark forms upon you.
You hit Harold but do no damage. Lightning courses through Harold!
Harold is lightly wounded.
You feel sick.
Harold hits you with a +0 short sword of venom.
You are more poisoned.
You closely miss Harold. Your kick misses Harold.
Harold is lightly wounded.
You feel extremely sick.
Harold hits you with a +0 short sword of venom.
You are more poisoned.
You closely miss Harold. You kick Harold, but do no damage.
Harold is lightly wounded.
You feel extremely sick.
Harold hits you with a +0 short sword of venom!
* * * LOW HITPOINT WARNING * * *
You are lethally poisoned!
You feel better.
Harold hits you with a +0 short sword of venom!!
You die...

.. ... #.# ..#
.. ..
######.###.## #
...........#$###
#.............
#..........##..
#..............
#?...@@...#
#.........#
#.......?...#
###########...#
... ##


You could see Harold.

Vanquished Creatures
  An unseen horror (D:6)
  An ice beast (D:5)
  2 black bears
  A sky beast (D:6)
  A centaur (D:5)
  A necrophage (D:6)
  An ogre (D:4)
  A bullfrog (D:6)
  Blork the orc (D:6)
  A howler monkey (D:4)
  A crimson imp (D:4)
  3 hounds
  2 bullfrog zombies
  A centaur skeleton (D:6)
  An orc priest (D:6)
  An iguana (D:5)
  4 orc wizards
  4 worker ants
  4 gnolls (D:6)
  14 adders
  6 river rats (D:3)
  An ufetubus (D:6)
  4 worms
  2 dart slugs
  9 orcs
  4 endoplasms
  8 giant cockroaches
  5 goblins
  7 hobgoblins
  12 jackals
  3 quokkas
  6 ball pythons
  2 bats (D:3)
  4 frilled lizards (Sewer)
  3 hobgoblin zombies (D:4)
  18 kobolds
  A kobold skeleton (D:4)
  2 kobold zombies (D:4)
  An orc skeleton (D:4)
  An orc zombie (D:4)
  5 rats
150 creatures vanquished.

Vanquished Creatures (others)
  5 plants (Sewer)
5 creatures vanquished.

Grand Total: 155 creatures vanquished

Notes
Turn   | Place    | Note
-------+----------+-------------------------------------------
     0 | D:1      | rageheart7 the Barachi Monk began the quest for the Orb.
     0 | D:1      | Reached XP level 1. HP: 18/18 MP: 1/1
   381 | D:1      | Reached skill level 4 in Fighting
   381 | D:1      | Reached XP level 2. HP: 23/25 MP: 2/2
  1384 | D:2      | Reached XP level 3. HP: 30/30 MP: 3/3
  2265 | D:3      | Reached skill level 5 in Long Blades
  2265 | D:3      | Reached XP level 4. HP: 22/38 MP: 4/4
  2293 | D:3      | Reached skill level 5 in Fighting
  2303 | D:3      | Found a glowing drain.
  2309 | Sewer    | Entered a sewer
  2540 | Sewer    | Reached XP level 5. HP: 41/44 MP: 5/5
  4185 | D:4      | Gained mutation: You have large cloven feet. [potion of
                  | mutation]
  4185 | D:4      | Gained mutation: Your mind is acute. (Int +2) [potion of
                  | mutation]
  4208 | D:4      | Reached XP level 6. HP: 51/52 MP: 6/6
  4542 | D:4      | Found a glowing golden altar of the Shining One.
  4553 | D:4      | Reached skill level 6 in Fighting
  4889 | D:4      | Found a shimmering blue altar of Sif Muna.
  4890 | D:4      | Found a white marble altar of Elyvilon.
  4890 | D:4      | Found a glowing golden altar of the Shining One.
  4892 | D:4      | Found a basalt altar of Yredelemnul.
  4892 | D:4      | Found an ancient bone altar of Kikubaaqudgha.
  4898 | D:4      | Found a bloodstained altar of Trog.
  4898 | D:4      | Found an iron altar of Okawaru.
  4899 | D:4      | Found a radiant altar of Vehumet.
  4902 | D:4      | Found a runed translucent gate.
  4903 | D:4      | Found a runed translucent gate.
  4926 | D:4      | Found a runed translucent gate.
  4947 | D:4      | Noticed an ice beast
  5254 | D:4      | Noticed Ajencis's ghost (amateur BaIE)
  5615 | D:5      | Entered Level 5 of the Dungeon
  5616 | D:5      | Noticed an ice beast
  5623 | D:5      | Killed an ice beast
  5624 | D:5      | Reached skill level 7 in Fighting
  5624 | D:5      | Reached XP level 7. HP: 60/60 MP: 7/7
  6071 | D:5      | Found Raisol's Jewellery Emporium.
  6415 | D:5      | Reached skill level 8 in Fighting
  6560 | D:5      | Reached XP level 8. HP: 60/68 MP: 8/8
  7138 | D:6      | Reached skill level 9 in Fighting
  7192 | D:6      | Killed an unseen horror
  7475 | D:6      | Reached skill level 10 in Fighting
  7785 | D:6      | Noticed Blork the orc
  7797 | D:6      | Killed Blork the orc
  7860 | D:6      | Found a stormy altar of Qazlal.
  7871 | D:6      | Reached XP level 9. HP: 74/79 MP: 9/9
  8282 | D:6      | Reached skill level 11 in Fighting
  8544 | D:6      | Found Veac's Armour Emporium.
  8943 | D:7      | Noticed Harold
  8953 | D:7      | Mangled by Harold

Illustrated notes

Levels and vault maps discovered:
D:1:      dpeg_arrival_erosion, layout_rooms, serial_curves, eino_curves_03,
          eino_curves_04
D:2:      layout_basic
D:3:      layout_basic, lightli_sewer_entry_pipes
D:4:      layout_basic, grunt_temple_overflow_open, gammafunk_ghost_icy,
          nicolae_tso_besieged_by_evil
D:5:      layout_basic, minmay_shop_enchanted_jewellery
D:6:      layout_basic, nicolae_qazlal_scattered_showers, serial_shops, shop,
          uniq_blork_the_orc
D:7:      layout_rooms, kennysheep_little_box, minmay_temple_entry_nine_rooms,
          basic_altar, serial_shops, shop, uniq_harold

Skill      XL: |  1  2  3  4  5  6  7  8  9 |
---------------+----------------------------+-----
Fighting       | 4 5 7 8 10 11 | 11.0
Long Blades    | 4 5 6 7 8 9 |  9.7
Dodging        | |  3.2
Stealth        | |  1.7

Action                   |  1- 3 |  4- 6 |  7- 9 || total
-------------------------+-------+-------+-------++-------
Melee: Falchion          |    53 |       |       ||    53
       Short sword       |    55 |   221 |   178 ||   454
       Kick              |       |    19 |    42 ||    61
 Abil: Hop               |       |     1 |       ||     1
  Use: Scroll            |     2 |     5 |     4 ||    11
       Potion            |       |     8 |     3 ||    11
 Stab: Sleeping          |     1 |     2 |       ||     3
Armor: Robe              |     4 |       |     7 ||    11
       Ring mail         |    35 |    74 |    49 ||   158
       Skin              |       |       |     8 ||     8
Dodge: Dodged            |    93 |   101 |    99 ||   293
       Rpst.: Falchion   |    16 |       |       ||    16

Table legend: (Time is in decaauts)
 A = Elapsed time spent in this place.
 B = Non-inter-level travel time spent in this place.
 C = Inter-level travel time spent in this place.
 D = Time resting spent in this place.
 E = Time spent auto-exploring this place.
 F = Levels seen in this place.
 G = Mean time per level.
                   A        B        C        D        E       F      G
               +--------+--------+--------+--------+--------+-----+--------+
         Total |   9798 |   9515 |    283 |   2658 |   5694 |   8 | 1224.8 |
       Dungeon |   8721 |   8438 |    283 |   2271 |   5113 |   7 | 1245.9 |
         Sewer |   1077 |   1077 |      0 |    387 |    580 |   1 | 1077.0 |
               +--------+--------+--------+--------+--------+-----+--------+

Top non-repeatable levels by time:
     D:6: 2266 daAuts
     D:4: 1585 daAuts
     D:5: 1302 daAuts
     D:1: 1225 daAuts
     D:2: 1172 daAuts
     D:3: 1158 daAuts
   Sewer: 1077 daAuts
     D:7: 9 daAuts
